 Dungeon Crawl Stone Soup version 0.30-a0-3-gc9032a9cac (webtiles) character file.

Game seed: 11645344114731584654

21 BritishOli the Trooper (level 2, -2/24 HPs)
             Began as a Demonspawn Fighter on Aug 20, 2022.
             Killed by divine providence
             ... invoked by an orc priest
              (16 damage)
             ... on level 3 of the Dungeon.
             The game lasted 00:01:19 (1062 turns).

BritishOli the Trooper (Demonspawn Fighter)         Turns: 1062, Time: 00:01:19

Health: -2/24      AC:  7    Str: 16    XL:     2   Next: 62%
Magic:  2/2        EV:  8    Int:  9    God:
Gold:   123        SH:  8    Dex: 12    Spells: 1/1 levels left

rFire   . . .      SeeInvis .    a - +0 long sword
rCold   . . .      Faith    .    c - +0 buckler
rNeg    . . .      Spirit   .    b - +0 scale mail
rPois   .          Reflect  .    (no helmet)
rElec   .          Harm     .    n - +0 cloak
rCorr   .          Rampage  .    (no gloves)
Will    .....                    (no boots)
Stlth   ..........               (no amulet)
HPRegen 0.08/turn                (no ring)
MPRegen 0.08/turn                (no ring)

@: no status effects
A: condensation shield
a: no special abilities


You were on level 3 of the Dungeon.
You visited 1 branch of the dungeon, and saw 3 of its levels.

You collected 123 gold pieces.

Inventory:

Hand Weapons
 a - a +0 long sword (weapon)
Armour
 b - a +0 scale mail (worn)
 c - a +0 buckler (worn)
 n - a +0 cloak (worn)
 p - the +1 robe "Silys" {Rampage rPois Stlth- Archmagi}
   (You found it on level 2 of the Dungeon)

   rPois:     It protects you from poison.
   Rampage:   It bestows one free step when moving towards enemies.
   Archmagi:  It increases the power of your magical spells.
   Stlth:     It makes you less stealthy.
Jewellery
 q - an amulet of guardian spirit
Scrolls
 e - 4 scrolls of identify {unknown}
 f - 3 scrolls of blinking {unknown}
 h - a scroll of amnesia {unknown}
 i - a scroll of immolation {unknown}
 j - a scroll of poison {unknown}
 l - a scroll of magic mapping {unknown}
Potions
 d - a potion of might
 g - a potion of curing
 k - a potion of magic {unknown}
 m - a potion of lignification {unknown}
 o - a potion of invisibility {unknown}


   Skills:
 + Level 3.2 Fighting
 + Level 2.1 Long Blades
 + Level 2.9 Armour
 + Level 2.9 Shields


You had one spell level left.
You didn't know any spells.
Your spell library contained the following spells:

 Spells                   Type           Power      Damage    Failure   Level
 Beastly Appendage        Tmut           0%         N/A       88%         1
 Slow                     Hex            0%         N/A       88%         1
 Wereblood                Tmut           0%         N/A       96%         2
 Confusing Touch          Hex            0%         N/A       99%         3
 Ignite Poison            Fire/Tmut/Pois 0%         N/A       99%         3
 Mephitic Cloud           Conj/Pois/Air  0%         N/A       99%         3
 Spider Form              Tmut/Pois      0%         N/A       99%         3
 Vampiric Draining        Necr           0%         2d6       99%         3
 Freezing Cloud           Conj/Ice/Air   0%         6-21      100%        5


Dungeon Overview and Level Annotations

Branches:
Dungeon (3/15)

Altars:

Shops:
D:1 [


Innate Abilities, Weirdness & Mutations

A meltable shield of frost defends you. (SH +4)


Message History

The orc shouts!
You hear a shout!
There are monsters nearby!
An orc priest comes into view. It is wielding a +0 short sword.
The orc priest shouts!
You block the orc's attack.
There are monsters nearby!
You slash the orc!
You kill the orc!
There are monsters nearby!
An orc priest comes into view. It is wielding a +0 hand axe.
The orc priest shouts!
You block the orc's attack.
Things that are here:
a +2 flail of draining; an orc corpse
There are monsters nearby!
There are monsters nearby!
You barely miss the orc.
The orc priest looks encouraged for a moment.
You block the orc's attack. The orc hits you with a +0 flail.
There are monsters nearby!
You barely miss the orc. You block the orc's attack.
There are monsters nearby!
You closely miss the orc.
The orc priest invokes the aid of Beogh against you.
Beogh smites you!
Ouch! That really hurt!
* * * LOW HITPOINT WARNING * * *
You block the orc's attack.
There are monsters nearby!
You are too injured to fight recklessly!
There are monsters nearby!
You are too injured to fight recklessly!
You aren't carrying any items that you can evoke.
Unknown command.
It was a potion of curing.
You feel better. You block the orc's attack.
You barely miss the orc. You block the orc's attack. x2
The orc priest mumbles some strange prayers to Beogh against you.
Beogh smites you!
Ouch! That really hurt!
You die...

#........
######.############
..........>.......#
######.#..........# #
#.#.#.##..#..# .#
#.#.......#..# ..
#.#...#...#..#.####
#.#...#...#........
######.#...#...#@##.####
.......#<..#...#o# .#
#########..#...#o# #
##.........#...#o#
.#.....###.#...#o#
.....#.# #...#.# .....#
#...#.# .....# #...#.#
.....# #...#


You could see 2 orc priests and 2 orcs.

Vanquished Creatures
  An orc (D:3)
  2 endoplasms (D:2)
  A goblin (D:3)
  A hobgoblin (D:1)
  2 kobolds (D:2)
  2 quokkas
  7 ball pythons
  A bat (D:2)
  A frilled lizard (D:3)
18 creatures vanquished.

Notes
Turn   | Place    | Note
-------+----------+-------------------------------------------
     0 | D:1      | BritishOli the Demonspawn Fighter began the quest for the
                  | Orb.
     0 | D:1      | Reached XP level 1. HP: 18/18 MP: 1/1
   174 | D:1      | Found Qowapamp's Antique Armour Shop.
   321 | D:1      | You fall into a shaft and drop 1 floor!
   452 | D:2      | Gained mutation: A meltable shield of frost defends you.
                  | (SH +4) [demonic ancestry]
   452 | D:2      | Reached XP level 2. HP: 24/24 MP: 2/2
   830 | D:2      | Identified the +1 robe "Silys" {Rampage rPois Stlth-
                  | Archmagi}
   919 | D:3      | Found a faded altar of an unknown god.
  1062 | D:3      | Killed from afar by an orc priest

Illustrated notes

Levels and vault maps discovered:
D:1:      dpeg_arrival_erosion, layout_loops_ring, serial_shops,
          nicolae_shop_overgrown_old_shop, minmay_domino_4
D:2:      layout_basic
D:3:      layout_basic, mainiacjoe_overflow_chevrons,
          ebering_ecumenical_altar_sacrificial

Skill      XL: |  1 |
---------------+----+-----
Long Blades    | 2 |  2.1
Fighting       | |  3.2
Armour         | |  2.9
Shields        | |  2.9

Action                   || total
-------------------------++-------
Melee: Long sword        ||    60
  Use: Potion            ||     1
Armor: Scale mail        ||    22
Dodge: Dodged            ||    22
Block: Buckler           ||    23

Table legend: (Time is in decaauts)
 A = Elapsed time spent in this place.
 B = Non-inter-level travel time spent in this place.
 C = Inter-level travel time spent in this place.
 D = Time resting spent in this place.
 E = Time spent auto-exploring this place.
 F = Levels seen in this place.
 G = Mean time per level.
                   A        B        C        D        E       F      G
               +--------+--------+--------+--------+--------+-----+--------+
         Total |   1081 |   1067 |     14 |      0 |    885 |   3 |  360.3 |
       Dungeon |   1081 |   1067 |     14 |      0 |    885 |   3 |  360.3 |
               +--------+--------+--------+--------+--------+-----+--------+

Top non-repeatable levels by time:
     D:2: 539 daAuts
     D:1: 326 daAuts
     D:3: 215 daAuts
